 Dungeon Crawl Stone Soup version 0.31.0-9-g3a7656b989 (webtiles) character file.

Game seed: 14478174011404935502

665 qw the Ducker (level 7, -8/35 HPs)
             Began as a Spriggan Hunter on Feb 2, 2024.
             Killed by nerve-wracking pain
             ... invoked by an orc priest
              (11 damage)
             ... on level 5 of the Dungeon.
             The game lasted 00:00:18 (4155 turns).

qw the Ducker (Spriggan Hunter)                     Turns: 4155, Time: 00:00:19

Health: -8/35      AC:  2    Str:  7    XL:     7   Next: 31%
Magic:  0/8        EV: 23    Int: 10    God:
Gold:   224        SH:  0    Dex: 21    Spells: 6/6 levels left

rFire   . . .        a - +1 shortbow
rCold   . . .        (shield currently unavailable)
rNeg    . . .        c - +0 robe
rPois   .            (helmet restricted)
rElec   .            g - scarf {repulsion}
rCorr   +            (gloves unavailable)
SInv    +            (boots unavailable)
Will    +....        i - amulet of guardian spirit
Stlth   ++           h - ring of resist corrosion
HPRegen 0.25/turn    (no ring)
MPRegen 0.11/turn

%: repel missiles, guardian spirit
@: very quick
A: very small, no large weapons, unfitting armour, see invisible, speed 3
a: no special abilities


You were on level 5 of the Dungeon.
You visited 1 branch of the dungeon, and saw 5 of its levels.

You collected 224 gold pieces.


Innate Abilities, Weirdness & Mutations

You are very small and have problems with some larger weapons.
You are too small for most types of armour.
You have supernaturally acute eyesight. (SInv)
You cover ground extremely quickly. (Speed+++)


   Skills:
 - Level 2.1 Fighting
 + Level 7.1 Ranged Weapons
 - Level 7.2 Dodging
 - Level 1.5 Stealth


You had 6 spell levels left.
You didn't know any spells.
Your spell library was empty.

Inventory:

Hand Weapons
 a - a +1 shortbow (weapon)
Armour
 c - a +0 robe (worn)
 g - a scarf of repulsion (worn)
Jewellery
 f - a ring of ice
 h - a ring of resist corrosion (left hand)
 i - an amulet of guardian spirit (around neck)
Scrolls
 b - a scroll of identify
Potions
 d - a potion of cancellation
 e - a potion of might
 o - a potion of heal wounds

Dungeon Overview and Level Annotations

Branches:
Dungeon (5/15)
 Temple: D:4-7

Altars:
Dithmenos
Gozag
Trog


Message History

You shoot an arrow.
The arrow completely misses the orc priest.
The orc priest invokes the aid of Beogh against you.
Pain shoots through your body!
The orc priest casts a cantrip, but nothing happens.
You shoot an arrow. The arrow hits the orc priest.
The orc priest is severely wounded.
You shoot an arrow.
The arrow hits the orc priest but does no damage.
The orc priest is severely wounded.
You shoot an arrow.
The arrow hits the orc priest but does no damage.
The orc priest is severely wounded.
The orc priest looks encouraged for a moment.
The orc priest completely misses you.
You shoot an arrow. The arrow hits the orc priest.
You kill the orc priest!
The orc priest misses you. x2
You shoot an arrow. The arrow hits the orc priest.
The orc priest is moderately wounded.
The orc priest hits you with a +0 short sword.
The orc wizard hits you with a +0 dagger.
You shoot an arrow.
The arrow hits the orc priest but does no damage.
The orc priest is moderately wounded.
The orc wizard misses you.
The orc priest mumbles some strange prayers to Beogh against you.
Pain shoots through your body!
You shoot an arrow. The arrow hits the orc priest.
The orc priest is heavily wounded.
The orc priest misses you.
The orc wizard hits you with a +0 dagger.
You shoot an arrow. The arrow hits the orc priest.
The orc priest is severely wounded.
The orc wizard closely misses you.
The orc priest calls down the wrath of Beogh upon you.
Beogh smites you!
The orc priest calls down the wrath of Beogh upon you.
Pain shoots through your body!
You die...

.......................'....<....
.......................#.........
.......................#.........
.<###...###...####...####..######
..###..%###...####...#######
....#....#.................
....#....#.................
....'....#.....o...........
....#....#.....o@..........
##'##...##.....o##+####....
....######......# .... ....#
#......# ... ....# #......# ....#
#......# ....# #....).# ....#
#.##... ....#


You could see 2 orc priests and an orc wizard.

Vanquished Creatures
  A black bear (D:4)
  A scorpion (D:5)
  A jelly (D:4)
  4 orc priests
  2 iguanas
  5 orc wizards
  3 gnolls
  4 adders
  2 dart slugs
  2 ribbon worms
  27 orcs
  2 bats (D:1)
  11 endoplasms
  7 giant cockroaches
  8 hobgoblins
  4 jackals (D:1)
  6 kobolds
  A quokka (D:4)
  9 ball pythons
  5 frilled lizards
  5 goblins
  3 rats
113 creatures vanquished.

Notes
Turn   | Place    | Note
-------+----------+-------------------------------------------
     0 | D:1      | qw the Spriggan Hunter began the quest for the Orb.
     0 | D:1      | Reached XP level 1. HP: 10/10 MP: 2/2
     0 | D:1      | 0 ||| qw: Version: 0.3-a-155-g5e7d8dd
     0 | D:1      | 0 ||| qw: Game counter: 2336
     0 | D:1      | 0 ||| qw: Melee chars always use a shield: true
     0 | D:1      | 0 ||| qw: God list: Okawaru
     0 | D:1      | 0 ||| qw: Allow faded altars: false
     0 | D:1      | 0 ||| qw: Do Orc after clearing Dungeon:15 true
     0 | D:1      | 0 ||| qw: Do second Lair branch before Depths: true
     0 | D:1      | 0 ||| qw: Lair rune preference: random
     0 | D:1      | 0 ||| qw: Goals: Normal
     0 | D:1      | 0 ||| PLANNING D:1-11
    41 | D:1      | Reached skill level 3 in Dodging
    61 | D:1      | Reached XP level 2. HP: 14/14 MP: 3/3
   568 | D:1      | Reached XP level 3. HP: 18/18 MP: 4/4
   918 | D:1      | 918 ||| UPGRADING to ring of resist corrosion.
   919 | D:1      | 919 ||| READING scroll labelled FIZOFO GIYME.
   924 | D:1      | 924 ||| READING scroll labelled XIERGH NENAI.
   924 | D:1      | 924 ||| ENCHANTING +0 shortbow.
   925 | D:1      | 925 ||| READING scroll labelled UZA JUSEWKI.
   925 | D:1      | 925 ||| IDENTIFYING metallic yellow potion
   926 | D:1      | 926 ||| READING scroll labelled IXEMIM VOSY.
   927 | D:1      | 927 ||| DRINKING 2 orange potions.
   928 | D:1      | 928 ||| DROPPING scroll of butterflies.
  1073 | D:2      | Noticed a shining eye
  1075 | D:2      | Found a faded altar of an unknown god.
  1077 | D:2      | Noticed a glass eye
  1077 | D:2      | Noticed a shining eye
  1077 | D:2      | Noticed a great orb of eyes
  1270 | D:2      | 1270 ||| FLEEEEING.
  1271 | D:2      | 1271 ||| FLEEEEING.
  1422 | D:2      | Reached XP level 4. HP: 22/22 MP: 5/5
  2041 | D:2      | 2041 ||| UPGRADING to scarf of repulsion.
  2046 | D:2      | 2046 ||| READING 2 scrolls of identify.
  2046 | D:2      | 2046 ||| IDENTIFYING dark potion
  2047 | D:2      | 2047 ||| READING scroll of identify.
  2047 | D:2      | 2047 ||| IDENTIFYING fuming clear potion
  2048 | D:2      | 2048 ||| READING scroll labelled MAROHI LEOGUO.
  2048 | D:2      | 2048 ||| ENCHANTING +0 shortbow.
  2049 | D:2      | 2049 ||| READING scroll labelled FONAXIOXAG.
  2050 | D:2      | 2050 ||| READING scroll labelled VOZXOA ERUIFF.
  2051 | D:2      | 2051 ||| DROPPING potion of attraction.
  2052 | D:2      | 2052 ||| DROPPING potion of magic.
  2243 | D:3      | 2243 ||| RETREEEEATING.
  2246 | D:3      | 2246 ||| RETREEEEATING.
  2264 | D:3      | 2264 ||| FLEEEEING.
  2265 | D:3      | 2265 ||| FLEEEEING.
  2266 | D:3      | 2266 ||| FLEEEEING.
  2310 | D:3      | Found an opulent altar of Gozag.
  2491 | D:3      | Reached XP level 5. HP: 26/26 MP: 6/6
  2501 | D:3      | 2501 ||| DRINKING smoky brown potion.
  2502 | D:3      | 2502 ||| DRINKING 2 blue potions.
  2603 | D:3      | Reached skill level 6 in Ranged Weapons
  2698 | D:3      | Reached XP level 6. HP: 30/30 MP: 7/7
  2719 | D:3      | 2719 ||| FLEEEEING.
  2720 | D:3      | 2720 ||| FLEEEEING.
  3173 | D:3      | 3173 ||| UPGRADING to amulet of guardian spirit.
  3178 | D:3      | 3178 ||| READING 3 scrolls of identify.
  3178 | D:3      | 3178 ||| IDENTIFYING scroll labelled WIOSUM CUTTILE
  3179 | D:3      | 3179 ||| READING 2 scrolls of identify.
  3179 | D:3      | 3179 ||| IDENTIFYING 2 scrolls labelled CUHABB QUOFF
  3180 | D:3      | 3180 ||| DROPPING 2 scrolls of fog.
  3181 | D:3      | 3181 ||| DROPPING scroll of summoning.
  3225 | D:4      | 3225 ||| STAIRDANCE
  3231 | D:4      | 3231 ||| STAIRDANCE
  3239 | D:3      | Reached skill level 6 in Dodging
  3271 | D:4      | 3271 ||| STAIRDANCE
  3343 | D:4      | 3343 ||| STAIRDANCE
  3356 | D:4      | 3356 ||| STAIRDANCE
  3432 | D:4      | Found a bloodstained altar of Trog.
  3550 | D:4      | Reached XP level 7. HP: 35/35 MP: 8/8
  3853 | D:4      | 3853 ||| FLEEEEING.
  3871 | D:4      | Found a shadowy altar of Dithmenos.
  3978 | D:5      | Entered Level 5 of the Dungeon
  3979 | D:5      | 3979 ||| PLANNING OSSUARY
  4155 | D:5      | HP: 3/35 [orc priest/divine providence (8)]
  4155 | D:5      | Killed from afar by an orc priest

Levels and vault maps discovered:
D:1:      dpeg_arrival_simpleton_b, layout_basic, minivault_14,
          serial_park_tiny_2
D:2:      layout_basic, hellmonk_ecumenical_altar_watching_god,
          serial_co_window_serial, co_window_corner_a, co_window_paths_b,
          co_window_of_opportunity_a, co_window_paths_b,
          co_window_of_opportunity_a, co_window_paths_a,
          co_window_of_opportunity_a, co_window_of_opportunity_b,
          co_window_of_opportunity_b, co_window_broadway_a,
          co_window_of_opportunity_c, co_window_paths_d, co_window_4corner_a,
          glass_columns_a, glass_columns_a
D:3:      layout_basic, nicolae_gozag_seed_capital
D:4:      layout_rooms, lemuel_tele_altar, mainiacjoe_overflow_paths
D:5:      layout_gridville, enter_ossuary_2

Skill      XL: |  1  2  3  4  5  6  7 |
---------------+----------------------+-----
Dodging        | 3 4 5 6 7 |  7.2
Ranged Weapons | 5 6 7 |  7.1
Fighting       | 2 |  2.1
Stealth        | |  1.5

Action                     |  1- 3 |  4- 6 |  7- 9 || total
---------------------------+-------+-------+-------++-------
   Fire: Shortbow          |   101 |   199 |    66 ||   366
    Use: Scroll            |     4 |     7 |       ||    11
         Potion            |     1 |     2 |       ||     3
 Armour: Robe              |    13 |    45 |     9 ||    67
  Dodge: Dodged            |    22 |    87 |    24 ||   133
         Repelled          |       |     1 |     1 ||     2

Table legend:
 A = Non-vault XP
 B = Vault XP
 C = Vault XP percentage of total XP
 D = Non-vault monster count
 E = Vault monster count
 F = Vault count percentage of total count
                 A         B        C        D         E       F
            +---------+---------+-------+---------+---------+-------
      Total |     950 |       0 |   0.0 |     113 |       0 |   0.0
            +---------+---------+-------+---------+---------+-------
        D:1 |      51 |       0 |   0.0 |      29 |       0 |   0.0
        D:2 |      49 |       0 |   0.0 |      13 |       0 |   0.0
        D:3 |     414 |       0 |   0.0 |      45 |       0 |   0.0
        D:4 |     300 |       0 |   0.0 |      22 |       0 |   0.0
        D:5 |     136 |       0 |   0.0 |       4 |       0 |   0.0
            +---------+---------+-------+---------+---------+-------
